 Dungeon Crawl Stone Soup version 0.29.0-4-gdea44cf6ec (webtiles) character file.

Game seed: 12422958575778890528

19 qw the Chopper (level 2, 0/17 HPs)
             Began as a Tengu Warper on Aug 28, 2022.
             Succumbed to their own poison gas
             ... on level 1 of the Dungeon.
             The game lasted 00:00:04 (1214 turns).

qw the Chopper (Tengu Warper)                       Turns: 1214, Time: 00:00:05

Health: 0/17       AC:  6    Str: 11    XL:     2   Next: 75%
Magic:  6/6        EV: 10    Int: 13    God:
Gold:   53         SH:  6    Dex: 13    Spells: 5/5 levels left

rFire   . . .      SeeInvis .   Y - +0 hand axe (elec)
rCold   + . .      Faith    .   a - +3 buckler of Gisael {rC+ rN+}
rNeg    + . .      Spirit   .   h - +0 ring mail
rPois   .          Reflect  .   (helmet restricted)
rElec   .          Harm     .   l - +0 cloak
rCorr   .          Rampage  .   (no gloves)
Will    .....                   (boots unavailable)
Stlth   +.........              (no amulet)
HPRegen 0.05/turn               (no ring)
MPRegen 0.10/turn               (no ring)

@: lethally poisoned (0 -> -1)
A: beak, talons 3
a: no special abilities


You were on level 1 of the Dungeon.
You visited 1 branch of the dungeon, and saw 1 of its levels.

You collected 53 gold pieces.


Innate Abilities, Weirdness & Mutations

You have a beak for a mouth.
You have claws for feet.


   Skills:
 - Level 2.0 Fighting
 - Level 3.5 Axes
 - Level 1.0 Throwing
 - Level 1.1 Armour
 - Level 2.1 Dodging
 + Level 0.0 Shields
 - Level 2.0 Spellcasting
 - Level 2.4 Translocations


You had 5 spell levels left.
You didn't know any spells.
Your spell library contained the following spells:

 Spells                   Type           Power      Damage    Failure   Level
 Blink                    Tloc           14%        N/A       43%         2
 Gell's Gravitas          Tloc           7%         N/A       67%         3
 Lesser Beckoning         Tloc           7%         N/A       67%         3
 Teleport Other           Tloc           7%         N/A       67%         3
 Manifold Assault         Tloc           7%         N/A       100%        5

Inventory:

Hand Weapons
 e - a +0 whip
 Y - a +0 hand axe of electrocution (weapon)
Armour
 a - the +3 buckler of Gisael (worn) {rC+ rN+}
   (You acquired it on level 1 of the Dungeon)

   rC:        It protects you from cold.
   rN:        It protects you from negative energy.
 h - a +0 ring mail (worn)
 l - a +0 cloak (worn)
Potions
 d - a potion of flight {unknown}
 g - a potion of attraction {unknown}
 i - a potion of magic {unknown}

Dungeon Overview and Level Annotations

Branches:
Dungeon (1/15)

Altars:


Message History

Something appears before you!
a - the +3 buckler of Gisael {rC+ rN+} You see here a +0 leather armour.
1199 ||| UPGRADING to +3 buckler of Gisael {rC+ rN+}.
You start putting on your armour.
You continue putting on the +3 buckler of Gisael {rC+ rN+}. x4
You finish putting on the +3 buckler of Gisael {rC+ rN+}.
Done exploring.
1204 ||| DROPPING scroll of blinking.
You drop a scroll of blinking.
Done exploring.
(D) Dungeon
Where to? (* - list waypoints, ? - help)
What level of the Dungeon? (default 1, ? - help) Sorry, I don't know how to get there.
Done exploring.
1205 ||| Stepping randomly (stuck).
Really walk into that cloud of poison gas?
You are engulfed in poison gas.
You are lethally poisoned!
You feel very sick.
1206 ||| Stepping ~*~*~tactically~*~*~ (cloud).
You feel very sick.
Things that are here:
a scroll of blinking; a +0 leather armour
There is a lethal amount of poison in your body!
You feel sick.
There is a lethal amount of poison in your body!
You feel sick.
There is a lethal amount of poison in your body!
You feel sick.
There is a lethal amount of poison in your body!
You feel sick.
There is a lethal amount of poison in your body!
You feel sick.
There is a lethal amount of poison in your body!
You feel sick.
There is a lethal amount of poison in your body!
You feel sick.
There is a lethal amount of poison in your body!
You die...

#.#
#.####....~....#
#.# #.# ##.##
#..##~##..# #.# #.#
##..>###....~....#
#.# #.#
##.###.##....~....#
#.# #.# #.##
##.#.###_###.###.#
#.# #.#
#.#....~..0.#...#
..# #.##
##.#....~0..)#####
###
##.###.##..##0##..#
##...###.0.@~....#
###.#######'#####
#.........#
###########


There were no monsters in sight!

Vanquished Creatures
  A dart slug (D:1)
  A bat (D:1)
  3 endoplasms (D:1)
  A giant cockroach (D:1)
  3 hobgoblins (D:1)
  A kobold (D:1)
  A ball python (D:1)
  A frilled lizard (D:1)
  4 rats (D:1)
16 creatures vanquished.

Notes
Turn   | Place    | Note
-------+----------+-------------------------------------------
     0 | D:1      | qw the Tengu Warper began the quest for the Orb.
     0 | D:1      | Reached XP level 1. HP: 12/12 MP: 4/4
     0 | D:1      | 0 ||| qw: Version: 0.1-a-89-g26bdef1
     0 | D:1      | 0 ||| qw: Game counter: 2889
     0 | D:1      | 0 ||| qw: Always use a shield: true
     0 | D:1      | 0 ||| qw: God list: Okawaru
     0 | D:1      | 0 ||| qw: Allow faded altars: false
     0 | D:1      | 0 ||| qw: Do Orc after D:15 true
     0 | D:1      | 0 ||| qw: Do second Lair branch before Depths: true
     0 | D:1      | 0 ||| qw: Lair rune preference: random
     0 | D:1      | 0 ||| qw: Plans: Normal
     0 | D:1      | 0 ||| PLANNING D:1-11
   405 | D:1      | Reached XP level 2. HP: 17/17 MP: 6/6
   432 | D:1      | Reached skill level 3 in Axes
  1154 | D:1      | Found a faded altar of an unknown god.
  1178 | D:1      | 1178 ||| UPGRADING to +0 ring mail.
  1188 | D:1      | 1188 ||| DROPPING +0 leather armour.
  1189 | D:1      | 1189 ||| UPGRADING to +0 cloak.
  1194 | D:1      | 1194 ||| READING scroll labelled BYK QUIDAET.
  1195 | D:1      | 1195 ||| READING scroll labelled VUSEOT LIKAESM.
  1196 | D:1      | 1196 ||| READING scroll labelled ESCHAR MUOXE.
  1197 | D:1      | 1197 ||| READING scroll labelled IGYICK SOQIU.
  1197 | D:1      | Identified a scroll of acquirement
  1197 | D:1      | 1197 ||| ACQUIRING +3 buckler of Gisael {rC+ rN+}
  1197 | D:1      | Acquired the +3 buckler of Gisael {rC+ rN+}
  1199 | D:1      | 1199 ||| UPGRADING to +3 buckler of Gisael {rC+ rN+}.
  1204 | D:1      | 1204 ||| DROPPING scroll of blinking.
  1205 | D:1      | 1205 ||| Stepping randomly (stuck).
  1206 | D:1      | 1206 ||| Stepping ~*~*~tactically~*~*~ (cloud).
  1209 | D:1      | HP: 4/17 [poisoned by you (poison gas)]
  1213 | D:1      | HP: 1/17 [poisoned by you (poison gas)]
  1214 | D:1      | Succumbed to their own poison gas

Levels and vault maps discovered:
D:1:      wander_arrival_desolate, layout_loops_ring,
          shapermc_ecumenical_altar_notcrosses

Skill      XL: |  1  2 |
---------------+-------+-----
Axes           | 3 |  3.5
Fighting       | |  2.0
Throwing       | |  1.0
Armour         | |  1.1
Dodging        | |  2.1
Spellcasting   | |  2.0
Translocations | |  2.4

Action                   || total
-------------------------++-------
Melee: Hand axe          ||    42
       Peck              ||     8
       Kick              ||     5
       Punch             ||     1
Throw: Boomerang         ||     7
  Use: Scroll            ||     4
Armor: Leather armour    ||    10
Dodge: Dodged            ||    17

Table legend:
 A = Non-vault XP
 B = Vault XP
 C = Vault XP percentage of total XP
 D = Non-vault monster count
 E = Vault monster count
 F = Vault count percentage of total count
                 A         B        C        D         E       F
            +---------+---------+-------+---------+---------+-------
      Total |      28 |       0 |   0.0 |      16 |       0 |   0.0
            +---------+---------+-------+---------+---------+-------
        D:1 |      28 |       0 |   0.0 |      16 |       0 |   0.0
            +---------+---------+-------+---------+---------+-------
